 Dungeon Crawl Stone Soup version 0.27-a0-96-gb51a1d6fd6 (webtiles) character file.

Game seed: 1446952683236010223

849 kae the Insei (level 7, 0/55 HPs)
             Began as a Demonspawn Monk on Jan 18, 2021.
             Slain by an orc warrior
             ... wielding a +0 hand axe
              (10 damage)
             ... on level 4 of the Dungeon on Jan 19, 2021.
             The game lasted 00:05:12 (5424 turns).

kae the Insei (Demonspawn Monk)                     Turns: 5424, Time: 00:05:13

Health: 0/55       AC: 11    Str: 13    XL:     7   Next: 69%
Magic:  7/7        EV: 15    Int: 11    God:
Gold:   231        SH:  0    Dex: 16    Spells: 6/6 levels left

rFire    . . .     SeeInvis .     - Unarmed
rCold    + . .     Faith    .   (no shield)
rNeg     . . .     Spirit   .   a - +0 robe
rPois    .         Reflect  .   (no helmet)
rElec    .         Harm     .   (no cloak)
rCorr    .         Rampage  .   (no gloves)
Will     .....                  (no boots)
Stlth    ++........             (no amulet)
HPRegen  0.18/turn              (no ring)
MPRegen  0.10/turn              (no ring)

@: lethally poisoned (0 -> -7), sanguine armour
A: claws 2, cold resistance 1, sanguine armour 2
a: no special abilities


You were on level 4 of the Dungeon.
You visited 1 branch of the dungeon, and saw 4 of its levels.

You collected 231 gold pieces.

Inventory:

Armour
 a - a +0 robe (worn)
Jewellery
 f - a +4 ring of protection
 j - an uncursed ring of fire {unknown}
Wands
 h - a wand of random effects (14)
Scrolls
 c - a scroll of noise {unknown}
 d - 3 scrolls of identify
 l - 3 scrolls of enchant armour {unknown}
 m - 3 scrolls of remove curse
 n - a scroll of enchant weapon {unknown}
Potions
 b - 3 potions of haste
 e - 6 potions of curing
 g - 3 potions of berserk rage
 i - 2 potions of cancellation {unknown}
 k - a potion of heal wounds {unknown}
 o - a potion of invisibility {unknown}


   Skills:
 + Level 4.8 Fighting
 + Level 3.2 Armour
 + Level 4.4 Dodging
 - Level 1.7 Stealth
 * Level 5.7 Unarmed Combat


You had 6 spell levels left.
You didn't know any spells.
Your spell library was empty.

Dungeon Overview and Level Annotations

Branches:
Dungeon (4/15)
 Temple: D:4-7

Altars:
Ashenzari
Gozag
Hepliaklqana
Kikubaaqudgha
Nemelex Xobeh
Qazlal
Xom

Annotations:
D:3 exclusion: wyvern, Ijyb


Innate Abilities, Weirdness & Mutations

You have very sharp fingernails.
Your flesh is cold resistant. (rC+)
When seriously injured, your bleeding wounds create thick armour. (AC +9)


Message History

You feel sick.
You claw the orc warrior!
The orc warrior is moderately wounded.
You feel sick.
The orc warrior hits you with a +0 hand axe!
Your blood congeals into armour.
You claw the orc warrior!
The orc warrior is severely wounded.
You feel sick. The orc warrior completely misses you.
You scratch the orc warrior but do no damage.
The orc warrior is severely wounded.
You feel sick.
You feel sick. The orc hits you with a +0 war axe.
The orc warrior hits you with a +0 hand axe!
* * * LOW HITPOINT WARNING * * *
You scratch the orc warrior.
The orc warrior is severely wounded.
You feel sick. The orc hits you but does no damage.
The orc warrior hits you with a +0 hand axe!
You die...

#.....#########.....#..
#........######...≈.#..
#........#....≈≈≈≈≈≈≈##
#.........#....#....#...
................#........
................#........
...####.........#........
### #.o.......###......
#.@........##......
###o.......>.##...... ##
#...(.....(..##...((.
..##...(#.......##......
.......(#....(..##...###
.......(#..(....#.......
.....≈≈....†.≈..#.....).
###...≈)....≈..≈.≈####..
##≈≈≈≈≈≈≈≈≈≈..≈≈(≈≈≈≈≈#..


You could see an orc warrior and an orc.

Vanquished Creatures
  Pikel (D:4)
  An ogre (D:4)
  A lemure (D:4)
  Blork the orc (D:4)
  An orc wizard (D:4)
  An orc priest (D:4)
  Jessica (D:2)
  2 worker ants (D:4)
  4 adders
  An ooze (D:4)
  2 worms
  3 dart slugs
  4 leopard geckos
  8 orcs
  7 bats
  A bat zombie (D:3)
  6 giant cockroaches
  4 goblins
  7 hobgoblins
  6 jackals
  2 ball pythons
  5 frilled lizards
  6 kobolds
  10 rats
  A rat zombie (D:3)
86 creatures vanquished.

Notes
Turn   | Place    | Note
-------+----------+-------------------------------------------
     0 | D:1      | kae the Demonspawn Monk began the quest for the Orb.
     0 | D:1      | Reached XP level 1. HP: 18/18 MP: 1/1
   356 | D:1      | Upgraded the game from 0.27-a0-95-g5a9077b8ae to
                  | 0.27-a0-96-gb51a1d6fd6
   415 | D:1      | Gained mutation: You have sharp fingernails. [demonic
                  | ancestry]
   415 | D:1      | Reached XP level 2. HP: 24/24 MP: 2/2
   524 | D:1      | Reached skill level 3 in Unarmed Combat
  1291 | D:2      | Gained mutation: You have very sharp fingernails. [demonic
                  | ancestry]
  1291 | D:2      | Reached XP level 3. HP: 22/29 MP: 3/3
  1444 | D:2      | Reached skill level 1 in Armour
  1816 | D:2      | Found a broken altar of Ashenzari.
  1892 | D:2      | Gained mutation: Your flesh is cold resistant. (rC+)
                  | [demonic ancestry]
  1892 | D:2      | Reached XP level 4. HP: 23/35 MP: 4/4
  2344 | D:2      | Noticed Jessica
  2355 | D:2      | Killed Jessica
  3028 | D:3      | Found an opulent altar of Gozag.
  3028 | D:3      | Found a shimmering altar of Xom.
  3041 | D:3      | Found a hazy altar of Hepliaklqana.
  3343 | D:3      | Noticed Ijyb
  3428 | D:3      | Found an ancient bone altar of Kikubaaqudgha.
  3457 | D:3      | Noticed a wyvern
  3490 | D:3      | Found a sparkling altar of Nemelex Xobeh.
  3750 | D:4      | Reached XP level 5. HP: 29/41 MP: 5/5
  3954 | D:4      | Reached skill level 4 in Unarmed Combat
  4210 | D:4      | Noticed a lemure
  4231 | D:4      | Killed a lemure
  4261 | D:4      | Noticed an ogre
  4274 | D:4      | Killed an ogre
  4285 | D:4      | Noticed Pikel
  4290 | D:4      | Noticed a lemure
  4291 | D:4      | Noticed a lemure
  4294 | D:4      | Noticed a lemure
  4312 | D:4      | Killed Pikel
  4313 | D:4      | Reached skill level 5 in Unarmed Combat
  4313 | D:4      | Gained mutation: When seriously injured, your bleeding
                  | wounds create armour. (AC +9) [demonic ancestry]
  4313 | D:4      | Reached XP level 6. HP: 18/49 MP: 6/6
  4313 | D:4      | Gained mutation: When seriously injured, your bleeding
                  | wounds create thick armour. (AC +9) [demonic ancestry]
  4313 | D:4      | Reached XP level 7. HP: 21/55 MP: 7/7
  4501 | D:4      | Noticed Blork the orc
  4515 | D:4      | Killed Blork the orc
  5371 | D:4      | Found a stormy altar of Qazlal.
  5424 | D:4      | Slain by an orc warrior

Illustrated notes

Levels and vault maps discovered:
D:1:      tarquinn_simple_flora_water_b, layout_basic, roderic_roman_lattice,
          nrook_mini_vaults
D:2:      layout_basic, nicolae_overflow_crystal_walls, uniq_jessica
D:3:      layout_loops_ring, lemuel_zombie_altar_kikubaaqudgha,
          nzn_hepliaklqana_mist_gate, gammafunk_temple_overflow_elements,
          nemelex_xobeh_ov_fountains_minmay, uniq_ijyb
D:4:      layout_basic, marbit_many_paths, serial_rivers,
          chequers_serial_rivers_micro_b, chequers_serial_rivers_small_3,
          chequers_serial_rivers_large_a, chequers_serial_rivers_micro_e,
          uniq_blork_the_orc, uniq_pikel

Skill      XL: |  1  2  3  4  5 |
---------------+----------------+-----
Unarmed Combat | 3 5 |  5.7
Armour         | 1 3 |  3.2
Dodging        | 3 4 |  4.4
Fighting       | 4 |  4.8
Stealth        | |  1.7

Action                   |  1- 3 |  4- 6 |  7- 9 || total
-------------------------+-------+-------+-------++-------
Melee: Unarmed           |   125 |   119 |    69 ||   313
       Punch             |     2 |     1 |     3 ||     6
  Use: Scroll            |     2 |     4 |       ||     6
       Potion            |       |       |     1 ||     1
 Stab: Sleeping          |     7 |     6 |     1 ||    14
       Distracted        |       |     1 |       ||     1
Armor: Robe              |    14 |    12 |     8 ||    34
Dodge: Dodged            |    99 |    55 |    47 ||   201

Table legend: (Time is in decaauts)
 A = Elapsed time spent in this place.
 B = Non-inter-level travel time spent in this place.
 C = Inter-level travel time spent in this place.
 D = Time resting spent in this place.
 E = Time spent auto-exploring this place.
 F = Levels seen in this place.
 G = Mean time per level.
                   A        B        C        D        E       F      G
               +--------+--------+--------+--------+--------+-----+--------+
         Total |   5409 |   5268 |    141 |    908 |   3642 |   4 | 1352.2 |
       Dungeon |   5409 |   5268 |    141 |    908 |   3642 |   4 | 1352.2 |
               +--------+--------+--------+--------+--------+-----+--------+

Top non-repeatable levels by time:
     D:2: 1496 daAuts
     D:4: 1435 daAuts
     D:1: 1276 daAuts
     D:3: 1201 daAuts
